 Dungeon Crawl Stone Soup version 0.30-a0-691-g754fce4c43 (webtiles) character file.

Game seed: 4816956988727295434

415 Darius099 the Trooper (level 6, -1/40 HPs)
             Began as a Gargoyle Fighter on Jan 19, 2023.
             Slain by a water moccasin (4 damage)
             ... on level 5 of the Dungeon.
             The game lasted 00:05:02 (3103 turns).

Darius099 the Trooper (Gargoyle Fighter)            Turns: 3103, Time: 00:05:02

Health: -1/40      AC: 11    Str: 19    XL:     6   Next: 91%
Magic:  6/6        EV:  9    Int:  9    God:
Gold:   145        SH: 10    Dex: 11    Spells: 5/5 levels left

rFire   . . .      SeeInvis .    a - +0 flail
rCold   . . .      Faith    .    c - +0 buckler
rNeg    + . .      Spirit   .    b - +0 scale mail
rPois   ∞          Reflect  +    (no helmet)
rElec   +          Harm     .    (no cloak)
rCorr   .          Rampage  .    (no gloves)
Will    .....                    (no boots) Stlth
                                 p - amulet of reflection
HPRegen 0.26/turn                (no ring)
MPRegen 0.10/turn                (no ring)

@: no status effects
A: sickness immunity, AC +4, negative energy resistance 1, electricity
resistance, torment resistance 1, petrification resistance
a: no special abilities


You were on level 5 of the Dungeon.
You visited 1 branch of the dungeon, and saw 5 of its levels.

You collected 145 gold pieces.

Inventory:

Hand Weapons
 a - a +0 flail (weapon)
Missiles
 t - 2 throwing nets (quivered)
Armour
 b - a +0 scale mail (worn)
 c - a +0 buckler (worn)
Jewellery
 l - an amulet of the acrobat
 p - an amulet of reflection (around neck)
 s - a ring of magical power
Scrolls
 f - 2 scrolls of enchant weapon {unknown}
 h - 4 scrolls of identify {unknown}
 k - a scroll of magic mapping {unknown}
 m - a scroll of immolation {unknown}
 o - 2 scrolls of teleportation {unknown}
Potions
 d - 2 potions of might
 e - 2 potions of haste {unknown}
 g - a potion of flight {unknown}
 i - 2 potions of invisibility {unknown}
 j - a potion of cancellation {unknown}
 n - a potion of lignification {unknown}
 q - a potion of heal wounds {unknown}
 r - 2 potions of curing {unknown}
 u - a potion of ambrosia {unknown}


   Skills:
 + Level 5.0 Fighting
 + Level 4.0 Maces & Flails
 + Level 4.9 Armour
 + Level 4.9 Shields


You had 5 spell levels left.
You didn't know any spells.
Your spell library contained the following spells:

 Spells                   Type           Power      Damage    Failure   Level
 Static Discharge         Conj/Air       0%         2-2/arc   92%         2
 Vhi's Electric Charge    Tloc/Air       0%         N/A       99%         3
 Arcjolt                  Conj/Air       0%         1d10      100%        5
 Lightning Bolt           Conj/Air       0%         1d11      100%        5


Dungeon Overview and Level Annotations

Branches:
Dungeon (5/15)
 Temple: D:4-7

Altars:
Fedhas
Ru
The Shining One


Innate Abilities, Weirdness & Mutations

You are immune to sickness and miasma.
Your stone body is resilient. (AC +4)
You are immune to poison.
You resist negative energy. (rN+)
You are resistant to electric shocks. (rElec)
You are resistant to unholy torment.
You are immune to petrification.


Message History

You block the water moccasin's attack. x2
You miss the water moccasin.
The water moccasin is lightly wounded.
You block the water moccasin's attack.
You miss the water moccasin.
The water moccasin is lightly wounded.
The water moccasin bites you. x2
You closely miss the water moccasin.
The water moccasin is lightly wounded.
The water moccasin bites you.
* * * LOW HITPOINT WARNING * * *
The water moccasin bites you.
* * * LOW HITPOINT WARNING * * *
You closely miss the water moccasin.
The water moccasin is lightly wounded.
The water moccasin bites you.
* * * LOW HITPOINT WARNING * * *
The water moccasin bites you but does no damage.
You closely miss the water moccasin.
The water moccasin is lightly wounded.
You block the water moccasin's attack.
You closely miss the water moccasin.
The water moccasin is lightly wounded.
You block the water moccasin's attack. The water moccasin bites you.
* * * LOW HITPOINT WARNING * * *
You hit the water moccasin but do no damage.
The water moccasin is lightly wounded.
You block the water moccasin's attack. x2
You hit the water moccasin.
The water moccasin is moderately wounded.
The water moccasin bites you.
* * * LOW HITPOINT WARNING * * *
You block the water moccasin's attack.
You closely miss the water moccasin.
The water moccasin is moderately wounded.
You block the water moccasin's attack.
You barely miss the water moccasin.
The water moccasin is moderately wounded.
The water moccasin closely misses you. The water moccasin bites you.
You die...

#†#.# #####...####
...........# ..
........##.###....
..................
....(.#..#.###...
###...#..#.##
...........########
#####.#..##..@S....#
#.#..##.#####.[.# #
#...... . ###§§§#.
##§.#.. #§.. .. #§..
### ≈.


You could see a water moccasin.

Vanquished Creatures
  A black bear (D:5)
  A bullfrog (D:4)
  A kobold brigand (D:4)
  2 iguanas (D:4)
  3 gnolls (D:5)
  2 adders (D:4)
  2 ufetubi (D:5)
  3 dart slugs
  3 orcs
  9 ball pythons
  6 bats
  6 endoplasms
  5 giant cockroaches
  6 goblins
  6 hobgoblins
  12 kobolds
  A quokka (D:5)
  10 frilled lizards
  3 rats (D:2)
82 creatures vanquished.

Vanquished Creatures (others)
  2 plants (D:3)
2 creatures vanquished.

Grand Total: 84 creatures vanquished

Notes
Turn   | Place    | Note
-------+----------+-------------------------------------------
     0 | D:1      | Darius099 the Gargoyle Fighter began the quest for the Orb.
     0 | D:1      | Reached XP level 1. HP: 14/14 MP: 1/1
   239 | D:1      | Reached XP level 2. HP: 10/19 MP: 2/2
   532 | D:1      | You fall into a shaft and drop 1 floor!
   575 | D:2      | Reached XP level 3. HP: 23/23 MP: 3/3
  1431 | D:3      | Found a sacrificial altar of Ru.
  1491 | D:3      | Found a blossoming altar of Fedhas.
  1506 | D:3      | Reached XP level 4. HP: 29/29 MP: 4/4
  1538 | D:3      | Found a glowing golden altar of the Shining One.
  1659 | D:3      | Found a faded altar of an unknown god.
  2270 | D:4      | Noticed a kobold brigand
  2285 | D:4      | Killed a kobold brigand
  2286 | D:4      | Reached skill level 4 in Fighting
  2286 | D:4      | Reached XP level 5. HP: 18/33 MP: 5/5
  2427 | D:4      | Reached XP level 6. HP: 15/39 MP: 6/6
  2890 | D:5      | Entered Level 5 of the Dungeon
  2890 | D:5      | Noticed a black bear
  2898 | D:5      | Killed a black bear
  2922 | D:5      | Reached skill level 5 in Fighting
  3081 | D:5      | Noticed a water moccasin
  3103 | D:5      | Slain by a water moccasin

Illustrated notes

Levels and vault maps discovered:
D:1:      eino_arrival_cavern_a, layout_loops_corners
D:2:      layout_loops_cross, minmay_tiny_reverse_x
D:3:      layout_loops_ring, mainiacjoe_overflow_tiny_flanked,
          nicolae_ru_sacrificial_ziggurat, lemuel_tele_altar,
          hellmonk_ecumenical_altar_crossroads, minmay_lizard_king
D:4:      layout_gridville
D:5:      layout_loops_cross, lightli_temple_of_fire,
          nicolae_ossuary_entry_false_entrances

Skill      XL: |  1  2  3  4  5  6 |
---------------+-------------------+-----
Fighting       | 4 5 |  5.0
Maces & Flails | 3 4 |  4.0
Armour         | 4 |  4.9
Shields        | 4 |  4.9

Action                   |  1- 3 |  4- 6 || total
-------------------------+-------+-------++-------
Melee: Flail             |   157 |   156 ||   313
Armor: Scale mail        |    97 |    94 ||   191
Dodge: Dodged            |    68 |    66 ||   134
Block: Buckler           |    38 |    88 ||   126

Table legend: (Time is in decaauts)
 A = Elapsed time spent in this place.
 B = Non-inter-level travel time spent in this place.
 C = Inter-level travel time spent in this place.
 D = Time resting spent in this place.
 E = Time spent auto-exploring this place.
 F = Levels seen in this place.
 G = Mean time per level.
                   A        B        C        D        E       F      G
               +--------+--------+--------+--------+--------+-----+--------+
         Total |   3196 |   3016 |    180 |    197 |   2108 |   5 |  639.2 |
       Dungeon |   3196 |   3016 |    180 |    197 |   2108 |   5 |  639.2 |
               +--------+--------+--------+--------+--------+-----+--------+

Top non-repeatable levels by time:
     D:3: 970 daAuts
     D:2: 775 daAuts
     D:4: 677 daAuts
     D:1: 548 daAuts
     D:5: 225 daAuts
